 Dungeon Sprint DCSS version 0.27.1 (webtiles) character file.

Game seed: 5246803573687151862

200 styxcanada the Covert (level 5, -14/28 HPs)
             Began as a Spriggan Brigand on Aug 31, 2021.
             Was an Initiate of Gozag.
             Demolished by a spriggan (18 damage)
             ... in the Dungeon (Sprint IV: "Fedhas' Mad Dash").
             The game lasted 00:02:14 (251 turns).

styxcanada the Covert (Spriggan Brigand)             Turns: 251, Time: 00:02:14

Health: -14/28     AC:  3    Str:  7    XL:     5   Next: 48%
Magic:  8/9        EV: 19    Int: 12    God:    Gozag
Gold:   143        SH:  0    Dex: 18    Spells: 7/8 levels left

rFire    . . .     SeeInvis +   a - +2 dagger
rCold    . . .     Faith    .   (shield restricted)
rNeg     . . .     Spirit   .   b - +0 robe
rPois    .         Reflect  .   (helmet restricted)
rElec    .         Harm     .   c - +0 cloak
rCorr    .         Rampage  .   (gloves unavailable)
Will     .....     NoTele   +   (boots unavailable)
Stlth    ++++++....             n - amulet of invisibility {+Inv}
HPRegen  0.09/turn              (no ring)
MPRegen  0.11/turn              (no ring)

@: very slightly contaminated, very quick
A: very small, no large weapons, unfitting armour, see invisible, speed 3
a: Renounce Religion, Evoke Invisibility, Potion Petition, Call Merchant, Bribe
Branch


You were in the Dungeon.
You worshipped Gozag.
Gozag was aware of your devotion.
You visited 1 branch You collected 143 gold pieces.

Inventory:

Hand Weapons
 a - a +2 dagger (weapon)
Missiles
 d - 2 poisoned darts (quivered)
 e - 2 curare-tipped darts
 l - 44 stones
Armour
 b - a +0 robe (worn)
 c - a +0 cloak (worn)
Jewellery
 n - the amulet of invisibility (around neck) {+Inv}
   (You found it in the Dungeon)

   [amulet of nothing]

   +Inv:      It lets you turn invisible.
Scrolls
 k - a scroll of blinking
Potions
 f - a potion of curing
 g - a potion of heal wounds
 h - a potion of haste
 i - 2 potions of magic
 j - a potion of berserk rage
 m - a potion of attraction {unknown}


   Skills:
 * Level 3.3 Fighting
 + Level 3.1 Short Blades
 + Level 3.2 Throwing
 * Level 4.8 Dodging
 * Level 14.1 Stealth
 * Level 2.2 Spellcasting
 * Level 1.2 Conjurations
 * Level 1.5 Air Magic
 + Level 1.0 Evocations


You had 7 spell levels left.
You knew the following spells:

 Your Spells              Type           Power      Damage    Failure   Level
a - Shock                 Conj/Air       16%        1d4       16%         1

Your spell library contained the following spells:

 Spells                   Type           Power      Damage    Failure   Level
 Swiftness                Air            5%         N/A       38%         3
 Airstrike                Air            2%         N/A       80%         4


Dungeon Overview and Level Annotations

Branches:
Dungeon (1/1)

Altars:
Cheibriados
Dithmenos
Elyvilon
Gozag
Hepliaklqana
Kikubaaqudgha
Makhleb
Nemelex Xobeh
Okawaru
Qazlal
Ru
Sif Muna
Trog
Uskayaw
Vehumet
Wu Jian
Xom
Yredelemnul
Zin
The Shining One
Beogh
Jiyva
Lugonu


Innate Abilities, Weirdness & Mutations

You are very small and have problems with some larger weapons.
You are too small for most types of armour.
You have supernaturally acute eyesight. (SInv)
You cover ground extremely quickly. (Speed+++)


Message History

Press: ? - help, Q - select action, (/) - cycle Shift-Dir - straight line, f/p - spriggan
Aim: a spriggan, wielding a +0 rapier and wearing a +0 robe (severely wounded, very poisoned, 36% to hit)
You throw a poisoned dart. The poisoned dart hits the spriggan!
The spriggan looks as sick as possible!
The spriggan is severely wounded.
The spriggan hits you with a +0 short sword!
The spriggan hits you with a +0 rapier.
* * * LOW HITPOINT WARNING * * *
You flicker for a moment.
There is a hazy altar of Hepliaklqana here.
There is an opulent altar of Gozag here.
You kill the spriggan!
Your Stealth skill increases to level 14!
Your Spellcasting skill increases to level 2!
Your Evocations skill increases to level 1!
The spriggan looks more healthy.
There is an open door here.
You flicker back into view.
Throw: 5 darts (poison)
Press: ? - help, Q - select action, (/) - cycle Shift-Dir - straight line, f - spriggan
Aim: a spriggan, wielding a +0 short sword and wearing a +0 robe (heavily wounded, 36% to hit)
You throw a poisoned dart. The poisoned dart misses the spriggan.
The spriggan completely misses you.
There is an open door here.
Throw: 4 darts (poison)
Press: ? - help, Q - select action, (/) - cycle Shift-Dir - straight line, f/p - spriggan
Aim: a spriggan, wielding a +0 short sword and wearing a +0 robe (heavily wounded, 36% to hit)
You throw a poisoned dart. The poisoned dart misses the spriggan.
The spriggan hits you with a +0 short sword.
* * * LOW HITPOINT WARNING * * *
There is an open door here.
Throw: 3 darts (poison)
Press: ? - help, Q - select action, (/) - cycle Shift-Dir - straight line, f/p - spriggan
Aim: a spriggan, wielding a +0 short sword and wearing a +0 robe (heavily wounded, 36% to hit)
You throw a poisoned dart.
The poisoned dart barely misses the spriggan.
The spriggan hits you with a +0 short sword!!
Ouch! That really hurt!
You die...
Your body crumbles into a pile of gold.

######################
#<†..#.....#.....#.⌠._
#PP..@i....'(#...'.._(
#PPPP#..††.#.#...#..._
###############+##.._.
#._._ $ $#####


$$$$ You could see a spriggan.

Vanquished Creatures
  A scorpion (D)
  3 oklob saplings (D)
  A spriggan (D)
  A river rat (D)
  A rat (D)
7 creatures vanquished.

Vanquished Creatures (others)
  A fungus (D)
1 creature vanquished.

Grand Total: 8 creatures vanquished

Notes
Turn   | Place    | Note
-------+----------+-------------------------------------------
     0 | D        | styxcanada the Spriggan Brigand began the quest for the
                  | Orb.
     0 | D        | Reached XP level 1. HP: 10/10 MP: 2/2
     9 | D        | Reached skill level 8 in Stealth
     9 | D        | Reached XP level 2. HP: 15/15 MP: 3/3
    15 | D        | Noticed an oklob sapling
    17 | D        | Killed an oklob sapling
    18 | D        | Reached skill level 10 in Stealth
    18 | D        | Reached XP level 3. HP: 18/18 MP: 4/4
    19 | D        | Noticed a scorpion
    19 | D        | Found the amulet of invisibility {+Inv}
    40 | D        | Killed a scorpion
    41 | D        | Reached skill level 12 in Stealth
    41 | D        | Reached XP level 4. HP: 16/23 MP: 5/5
   155 | D        | Learned a level 1 spell: Shock
   157 | D        | Found an opulent altar of Gozag.
   157 | D        | Found a hazy altar of Hepliaklqana.
   157 | D        | Found a burning altar of Makhleb.
   157 | D        | Found a sparkling altar of Nemelex Xobeh.
   157 | D        | Found a snail-covered altar of Cheibriados.
   157 | D        | Found a sacrificial altar of Ru.
   157 | D        | Found a shimmering blue altar of Sif Muna.
   157 | D        | Found a shimmering altar of Xom.
   157 | D        | Found a basalt altar of Yredelemnul.
   158 | D        | Found a viscous altar of Jiyva.
   158 | D        | Found a bloodstained altar of Trog.
   158 | D        | Found an ornate altar of the Wu Jian Council.
   159 | D        | Found an iron altar of Okawaru.
   159 | D        | Found a shadowy altar of Dithmenos.
   159 | D        | Found a glowing silver altar of Zin.
   160 | D        | Found an ancient bone altar of Kikubaaqudgha.
   160 | D        | Found a hide-covered altar of Uskayaw.
   161 | D        | Found a stormy altar of Qazlal.
   161 | D        | Found a white marble altar of Elyvilon.
   161 | D        | Found a glowing golden altar of the Shining One.
   162 | D        | Became a worshipper of Gozag Ym Sagoz the Greedy
   163 | D        | Found a corrupted altar of Lugonu.
   163 | D        | Found a radiant altar of Vehumet.
   167 | D        | Reached skill level 13 in Stealth
   167 | D        | Reached skill level 1 in Spellcasting
   167 | D        | Reached skill level 1 in Air Magic
   167 | D        | Reached XP level 5. HP: 28/28 MP: 3/8
   179 | D        | Reached skill level 1 in Conjurations
   235 | D        | Reached skill level 14 in Stealth
   235 | D        | Reached skill level 1 in Evocations
   251 | D        | Demolished by a spriggan

Illustrated notes

Levels and vault maps discovered:
D:        dungeon_sprint_fedhas [sprint_temple]

Skill      XL: |  1  2  3  4  5 |
---------------+----------------+-----
Dodging        | 2 3 4 |  4.8
Stealth        | 8 10 12 13 14 | 14.1
Fighting       | 2 3 |  3.3
Throwing       | 3 |  3.2
Spellcasting   | 1 2 |  2.2
Air Magic      | 1 |  1.5
Short Blades   | 3 |  3.1
Conjurations   | 1 |  1.2
Evocations     | 1 |  1.0

Action                   |  1- 3 |  4- 6 || total
-------------------------+-------+-------++-------
Melee: Dagger            |     5 |     8 ||    13
Throw: Dart              |     7 |     6 ||    13
 Abil: Evoke Invisibilit |       |     2 ||     2
 Stab: Sleeping          |     2 |     2 ||     4
Armor: Robe              |     1 |       ||     1
Dodge: Dodged            |     3 |     4 ||     7
